 Dungeon Crawl Stone Soup version 0.19-a0-49-gb8736b8 (webtiles) character file.

395 jyri the Vexing (level 6, -2/28 HPs)
             Began as a Spriggan Enchanter on May 6, 2016.
             Was an Initiate of Dithmenos.
             Killed by divine providence
             ... invoked by an orc priest
              (10 damage)
             ... on level 5 of the Dungeon.
             The game lasted 00:40:50 (6607 turns).

jyri the Vexing (Spriggan Enchanter)                Turns: 6607, Time: 00:40:50

Health: -2/28      AC:  4    Str:  4    XL:     6   Next: 52%
Magic:  1/12       EV: 19    Int: 18    God:    Dithmenos [......]
Gold:   248        SH:  0    Dex: 17    Spells: 3 memorised, 6 levels left

rFire  . . .     SeeInvis +     a - +4 short sword
rCold  . . .     Gourm    .     A - +2 robe
rNeg   . . .     Faith    .     (shield restricted)
rPois  .         Spirit   .     (helmet restricted)
rElec  .         Dismiss  .     (no cloak)
rCorr  .         Reflect  .     (gloves unavailable)
SustAt .         Harm     .     (boots unavailable)
MR     +....                    (no amulet)
Stlth  ++++......               (no ring)
                                (no ring)

@: very quick, somewhat resistant to hostile enchantments, stealthy
A: unfitting armour, see invisible, herbivore 3, speed 3, slow metabolism 2
a: Renounce Religion


You were on level 5 of the Dungeon.
You worshipped Dithmenos.
Dithmenos was noncommittal.
You were not hungry.

You visited 2 branches of the dungeon, and saw 6 of its levels.

You collected 248 gold pieces.

Inventory:

Hand Weapons
 a - a +4 short sword (weapon)
 b - a +1 hunting sling of flaming
 s - a +2 dagger of venom
 z - a +1 dagger
Missiles
 i - 40 sling bullets
 j - 77 arrows
 n - 114 stones
 p - 70 bolts
 C - 3 tomahawks (quivered)
Armour
 A - a +2 robe (worn)
Scrolls
 f - 3 scrolls of enchant armour
 h - 3 scrolls of remove curse
 m - 5 scrolls of identify {unknown}
 o - 3 scrolls of fog
 t - a scroll of amnesia {unknown}
 w - 2 scrolls of enchant weapon {unknown}
 x - 2 scrolls of noise {unknown}
 y - a scroll of fear {unknown}
 D - 2 scrolls of magic mapping {unknown}
 E - a scroll of random uselessness {unknown}
Potions
 e - 2 potions of heal wounds {unknown}
 g - 3 potions of flight {unknown}
 k - 2 potions of haste {unknown}
 l - a potion of invisibility
 q - 2 potions of mutation {unknown}
 r - 4 potions of curing {unknown}
 u - a potion of brilliance {unknown}
 v - a potion of ambrosia {unknown}
 B - a potion of cancellation {unknown}
 F - 3 potions of degeneration {unknown}
Books
 c - a book of Maledictions

   Spells                             Type                      Level
   a - Corona                         Hexes                        1
   b - Ensorcelled Hibernation        Hexes/Ice                    2
   c - Confuse                        Hexes                        3
   d - Tukima's Dance                 Hexes                        3
   e - Dazzling Spray                 Conjuration/Hexes            3
Comestibles
 d - 3 bread rations


   Skills:
 - Level 1.1 Short Blades
 - Level 3.7 Dodging
 + Level 6.8 Stealth
 - Level 3.6 Spellcasting
 + Level 7.0 Hexes
 - Level 1.0 Ice Magic


You had 6 spell levels left.
You knew the following spells:

 Your Spells              Type           Power        Failure   Level  Hunger
a - Corona                Hex            ####...      1%          1    None
b - Ensorcelled Hibernat  Hex/Ice        ###...       6%          2    ##.....
c - Confuse               Hex            ####....     2%          3    ###....


Dungeon Overview and Level Annotations

Branches:
Dungeon (5/15)             Temple (1/1) D:4

Altars:
Ashenzari
Cheibriados
Dithmenos
Elyvilon
Fedhas
Gozag
Kikubaaqudgha
Pakellas
Qazlal
Ru
Sif Muna
Trog
Vehumet
Yredelemnul
Zin

Annotations:
D:4 exclusion: door, Grinder


Innate Abilities, Weirdness & Mutations

You are tiny and cannot use many weapons and most armour.
You have supernaturally acute eyesight.
You are a herbivore.
You cover ground extremely quickly.
You need consume almost no food.


Message History

Aim: an orc priest, wearing a scale mail (not susceptible)
The orc priest is unaffected.
The orc hits you but does no damage.
The orc priest mumbles some strange prayers to Beogh against you.
You resist with significant effort.
The orc shouts!
You puncture the orc!
You kill the orc!
Dithmenos accepts your kill. The orc hits you.
The orc priest hits you but does no damage.
You hit the orc but do no damage.
The orc is almost dead.
The orc completely misses you. The orc priest misses you.
That item cannot be evoked!
The orc priest mumbles some strange prayers to Beogh against you.
Beogh smites you!
* * * LOW HITPOINT WARNING * * *
The orc priest calls down the wrath of Beogh upon you.
Beogh smites you!
You die...

##...# ##.............# .
##....####..............##
##......##........o..)....#
#...##..#.................#
##..###..................!##
##..## ##........oo.......##
##..## #................##
##..## #..............###
#..## #####.....@.....####
..## #.........####### ..#
#.#####..##
..#####...####.##
...##..._.......#
...##....._..##.##
.............##..####
....._..♣..........<#
...................##


You could see an orc priest and 2 orcs.

Vanquished Creatures
  An ice beast (D:5)
  A howler monkey (D:4)
  A crimson imp (D:5)
  A centaur skeleton (D:5)
  A worker ant (D:5)
  3 adders
  2 oozes (D:3)
  4 worms
  4 dart slugs
  5 giant geckos
  19 orcs
  A ball python (D:1)
  5 giant cockroaches
  8 goblins
  6 hobgoblins
  6 jackals
  6 kobolds
  4 quokkas
  14 bats
  5 giant newts
  13 rats
110 creatures vanquished.

Notes
Turn   | Place    | Note
--------------------------------------------------------------
     0 | D:1      | jyri the Spriggan Enchanter began the quest for the Orb.
     0 | D:1      | Reached XP level 1. HP: 9/9 MP: 5/5
   199 | D:1      | Reached skill level 4 in Hexes
   520 | D:1      | Reached XP level 2. HP: 13/13 MP: 6/6
   694 | D:1      | Learned a level 2 spell: Ensorcelled Hibernation
  1741 | D:1      | Reached XP level 3. HP: 15/16 MP: 2/8
  1919 | D:2      | Reached skill level 5 in Hexes
  2708 | D:2      | Reached XP level 4. HP: 21/21 MP: 6/9
  3880 | D:3      | Reached skill level 5 in Stealth
  4443 | D:3      | Found a sacrificial altar of Ru.
  4762 | D:3      | Reached XP level 5. HP: 22/24 MP: 1/11
  5250 | D:4      | Reached skill level 6 in Hexes
  5335 | D:4      | Found a deep blue altar of Sif Muna.
  5468 | D:4      | Reached skill level 1 in Ice Magic
  5488 | D:4      | Found a staircase to the Ecumenical Temple.
  5521 | Temple   | Entered the Ecumenical Temple
  5719 | D:4      | Noticed Grinder
  5754 | D:5      | Entered Level 5 of the Dungeon
  5756 | D:5      | Found a bloodstained altar of Trog.
  5756 | D:5      | Found a shadowy altar of Dithmenos.
  5758 | D:5      | Found an ancient bone altar of Kikubaaqudgha.
  5760 | D:5      | Found a basalt altar of Yredelemnul.
  5761 | D:5      | Found an opulent altar of Gozag.
  5764 | D:5      | Became a worshipper of Dithmenos the Shadowed
  5769 | D:5      | Noticed an ice beast
  5818 | D:3      | Learned a level 3 spell: Confuse
  6223 | D:5      | Reached XP level 6. HP: 28/28 MP: 8/12
  6353 | D:5      | Killed an ice beast
  6400 | D:5      | Reached skill level 7 in Hexes
  6607 | D:5      | Killed from afar by an orc priest

Vault maps used:
D:1:      dpeg_arrival_renting
D:2:      minmay_vboxes
D:3:      nicolae_ru_sacrificial_ziggurat
D:4:      minmay_temple_entry_trees, minmay_misc_feat_iff, grunt_ministairs_13,
          led_sif_book, uniq_grinder
D:5:      grunt_temple_overflow_open, first_bread
Temple:   chambers_temple_10

Skill      XL: |  1  2  3  4  5  6 |
---------------+-------------------+-----
Hexes          | 4 5 6 7 |  7.0
Stealth        | 5 6 |  6.8
Spellcasting   | 3 |  3.6
Ice Magic      | 1 |  1.0
Short Blades   | |  1.1
Dodging        | |  3.7

Action                   |  1- 3 |  4- 6 || total
-------------------------+-------+-------++-------
Melee: Dagger            |   130 |    25 ||   155
       Short sword       |       |    85 ||    85
 Fire: Hunting sling     |       |     3 ||     3
 Cast: Corona            |    11 |       ||    11
       Ensorcelled Hiber |    28 |    57 ||    85
       Confuse           |       |     4 ||     4
  Use: Scroll            |       |     3 ||     3
 Stab: Sleeping          |    31 |    48 ||    79
       Confused          |       |     6 ||     6
  Eat: Pizza             |     1 |       ||     1
       Bread ration      |       |     1 ||     1
Armor: Robe              |    32 |    10 ||    42
Dodge: Dodged            |   127 |    64 ||   191
